 Dungeon Crawl Stone Soup version 0.19.1-28-ge1247f7 (webtiles) character file.

4302 Megalobster the Infuser (level 10, -1/56 HPs)
             Began as a Deep Elf Conjurer on Jan 22, 2017.
             Was a Believer of Vehumet.
             Killed from afar by an electric eel (13 damage)
             ... with a bolt of electricity
             ... on level 7 of the Dungeon.
             The game lasted 00:48:16 (9439 turns).

Megalobster the Infuser (Deep Elf Conjurer)         Turns: 9439, Time: 00:48:18

Health: -1/56      AC:  8    Str:  5    XL:     10   Next: 11%
Magic:  15/25      EV: 13    Int: 27    God:    Vehumet [**....]
Gold:   124        SH:  5    Dex: 15    Spells: 6 memorised, 8 levels left

rFire  . . .     SeeInvis +     P - +0 rod of ignition (10/10)
rCold  + . .     Gourm    .     d - +2 robe {Archmagi}
rNeg   . . .     Faith    .     u - +0 buckler
rPois  .         Spirit   .     M - +1 helmet {Int+3}
rElec  .         Reflect  .     (no cloak)
rCorr  .         Harm     .     B - +0 pair of gloves
MR     +....                    h - +0 pair of boots
Stlth  ++........               (no amulet)
                                e - ring of protection from cold
                                p - ring of see invisible

@: no status effects
A: no striking features
a: Renounce Religion


You were on level 7 of the Dungeon.
You worshipped Vehumet.
Vehumet was pleased with you.
You were not hungry.

You visited 2 branches of the dungeon, and saw 11 of its levels.

You collected 355 gold pieces.
You spent 231 gold pieces at shops.

Inventory:

Hand Weapons
 f - a +3 morningstar of freezing
 j - a cursed +2 battleaxe
 F - the +9 sword of Zonguldrok {reap}
   (You found it on level 5 of the Dungeon)

   If a monster killed with it leaves a corpse in good enough shape, the corpse
   will be animated as a zombie friendly to the killer.
Armour
 d - a +2 robe of the Archmagi (worn)
 h - a +0 pair of boots (worn)
 t - a +0 robe
 u - a +0 buckler (worn)
 B - a +0 pair of gloves (worn)
 K - a +1 robe of fire resistance
 M - a +1 helmet of intelligence (worn)
 O - a +2 robe of fire resistance
Magical Staves
 C - an uncursed staff of cold
Rods
 P - a +0 rod of ignition (10/10) (in hand)
   (You found it on level 7 of the Dungeon)
Jewellery
 e - a ring of protection from cold (right hand)
 o - an uncursed ring of flight
 p - a ring of see invisible (left hand)
 y - an uncursed ring of protection from fire
Wands
 q - a wand of polymorph (8/24)
 x - a wand of flame (32/48)
Scrolls
 g - 4 scrolls of fog
 i - 2 scrolls of random uselessness
 l - a scroll of remove curse
 n - a scroll of noise {unknown}
 r - a scroll of holy word {unknown}
 z - 3 scrolls of recharging
 A - 2 scrolls of blinking
 H - 3 scrolls of teleportation {unknown}
 L - 2 scrolls of magic mapping
 Q - a scroll of enchant armour {unknown}
Potions
 m - a potion of berserk rage
 s - 3 potions of curing
 w - a potion of cancellation
 D - a potion of agility {unknown}
 G - a potion of mutation {unknown}
 I - a potion of resistance {unknown}
 N - a potion of lignification {unknown}
Books
 b - a book of Conjurations

   Spells                             Type                      Level
   a - Magic Dart                     Conjuration                  1
   b - Searing Ray                    Conjuration                  2
   c - Dazzling Spray                 Conjuration/Hexes            3
   d - Fulminant Prism                Conjuration/Hexes            4
   e - Iskenderun's Mystic Blast      Conjuration                  4
   f - Iskenderun's Battlesphere      Conjuration/Charms           5
 v - a book of Changes

   Spells                             Type                      Level
   a - Beastly Appendage              Transmutation                1
   b - Sticks to Snakes               Transmutation                2
   c - Spider Form                    Transmutation/Poison         3
   d - Ice Form                       Ice/Transmutation            4
   e - Blade Hands                    Transmutation                5
Comestibles
 a - 2 beef jerkies
 c - 3 bread rations
 E - 4 meat rations
 J - 2 fruits


   Skills:
 + Level 3.0 Fighting
 - Level 2.4 Dodging
 - Level 2.4 Stealth
 + Level 3.1 Shields
 + Level 9.4 Spellcasting
 * Level 9.8 Conjurations
 + Level 3.9 Hexes
 - Level 11.1 Charms
 + Level 0.2 Evocations


You had 8 spell levels left.
You knew the following spells:

 Your Spells              Type           Power        Failure   Level  Hunger
a - Magic Dart            Conj           ####         1%          1    None
b - Searing Ray           Conj           ######       1%          2    None
c - Iskenderun's Battles  Conj/Chrm      #######.     1%          5    ####...
d - Dazzling Spray        Conj/Hex       ######       1%          3    None
e - Iskenderun's Mystic   Conj           #######.     1%          4    None
f - Fulminant Prism       Conj/Hex       ######....   3%          4    None


Dungeon Overview and Level Annotations

Branches:
Dungeon (10/15)            Temple (1/1) D:4
   Lair: D:8-11         Orc: D:9-12

Altars:
Ashenzari
Cheibriados
Dithmenos
Elyvilon
Fedhas
Gozag
Kikubaaqudgha
Makhleb
Nemelex Xobeh
Okawaru
Qazlal
Ru
Sif Muna
Trog
Uskayaw
Vehumet
Xom
Yredelemnul
Zin
The Shining One

Shops:
D:5 }   D:6 [

Annotations:
D:8 TuxedoFelix's ghost, novice MiFi


Message History

The killer bee buzzes angrily. x2
The electric eel shoots out a bolt of lightning at you!
The bolt of electricity hits the plant.
The bolt of electricity hits you! x2
The electric eel shoots out a bolt of lightning at you!
The bolt of electricity hits you!
The bolt of electricity hits your battlesphere.
Your battlesphere completely resists.
Casting: Iskenderun's Mystic Blast
Confirm with . or Enter, or press ? or * to list all spells.
Aiming: Magic Dart
Press: ? - help, Shift-Dir - straight line, f/p - electric eel
Aim: an electric eel (moderately wounded)
You feel a surge of power!
The magic dart hits the electric eel.
The electric eel is heavily wounded.
The killer bee barely misses you.
The electric eel shoots out a bolt of lightning at you!
The bolt of electricity hits the plant.
The bolt of electricity hits you!
* * * LOW HITPOINT WARNING * * *
The bolt of electricity hits you!
You die...

P#≈≈≈≈≈≈##+##≈♣≈#.#.#
P#≈≈≈≈≈≈#.....P......
.#≈≈≈≈≈≈#...###.#.###
≈≈≈≈≈≈≈≈#...'......
≈≈≈≈≈≈≈≈#..)###.#####.#
≈≈≈≈#)≈≈#...........(.#
≈≈≈≈#≈≈≈#.#####.#######
≈≈≈##≈≈≈#.# #*####≈♣
≈####≈≈##.| #+@..≈♣ ##
##≈##......yy≈P≈≈≈≈♣
#####.###......y♣♣≈≈≈≈P♣
#....## #......> P≈♣;≈≈
'....# #.....y♣ P;≈≈≈
#### '....# ###....≈
P≈P♣≈ ♣..# #....# #....
≈≈≈≈♣≈≈≈#.# #####.#
###.. ≈≈≈≈≈≈≈♣♣≈#.# #≈#
♣≈PP≈≈≈≈≈≈≈ P≈#.#


You could see 4 killer bees, 2 electric eels and a friendly battlesphere
(wandering).

Vanquished Creatures
  A gargoyle (D:7)
  A centaur skeleton (D:10)
  A two-headed ogre (D:9)
  Grinder (D:6)
  Sigmund (D:6)
  4 orc warriors
  2 sky beasts
  2 ice beasts
  An eye of draining (D:9)
  An ogre (D:5)
  2 centaurs
  A big kobold (D:9)
  A bullfrog (D:7)
  Blork the orc (D:4)
  A scorpion (D:8)
  9 wights
  3 howler monkeys
  9 electric eels (D:7)
  A bullfrog zombie (D:8)
  A quasit (D:6)
  A centaur zombie (D:5)
  A jelly (D:8)
  3 orc priests
  6 hounds
  A bullfrog skeleton (D:9)
  A gnoll shaman (D:9)
  5 worker ants
  5 orc wizards
  A hound zombie (D:7)
  2 worker ant zombies
  9 gnolls
  5 adders
  4 adder skeletons
  5 worms
  A dart slug (D:3)
  7 leopard geckos
  32 orcs
  6 giant cockroaches
  11 goblins
  5 hobgoblins
  5 jackals
  3 quokkas
  11 bats
  4 frilled lizards
  A giant cockroach zombie (D:6)
  14 kobolds
  2 quokka zombies
  8 rats
203 creatures vanquished.

Vanquished Creatures (others)
  3 fulminant prisms
3 creatures vanquished.

Grand Total: 206 creatures vanquished

Notes
Turn   | Place    | Note
-------+----------+-------------------------------------------
     0 | D:1      | Megalobster the Deep Elf Conjurer began the quest for the Orb.
     0 | D:1      | Reached XP level 1. HP: 10/10 MP: 6/6
   575 | D:1      | Reached XP level 2. HP: 15/15 MP: 6/8
   580 | D:1      | Learned a level 2 spell: Searing Ray
   649 | D:1      | Reached skill level 5 in Conjurations
   872 | D:1      | Reached XP level 3. HP: 19/19 MP: 5/9
  1168 | D:2      | Found a burning altar of Makhleb.
  1168 | D:2      | Found a sparkling altar of Nemelex Xobeh.
  1929 | D:3      | Reached XP level 4. HP: 13/24 MP: 1/11
  3019 | D:4      | Noticed Blork the orc
  3023 | D:4      | Killed Blork the orc
  3023 | D:4      | Reached XP level 5. HP: 28/28 MP: 8/13
  3030 | D:4      | Learned a level 5 spell: Iskenderun's Battlesphere
  3034 | D:4      | Learned a level 3 spell: Dazzling Spray
  3100 | D:4      | Found a shattered altar of Ashenzari.
  3141 | D:4      | Reached skill level 1 in Charms
  3425 | D:4      | Reached skill level 1 in Hexes
  3425 | D:4      | Reached skill level 2 in Charms
  3448 | D:4      | Reached XP level 6. HP: 31/32 MP: 2/15
  3648 | D:4      | Found a staircase to the Ecumenical Temple.
  3660 | D:4      | Reached skill level 5 in Spellcasting
  3687 | Temple   | Entered the Ecumenical Temple
  3807 | Temple   | Became a worshipper of Vehumet
  4212 | D:5      | Entered Level 5 of the Dungeon
  4228 | D:5      | Found a snail-covered altar of Cheibriados.
  4265 | D:5      | Reached skill level 3 in Charms
  4327 | D:5      | Noticed an ice beast
  4337 | D:5      | Killed an ice beast
  4337 | D:5      | Reached skill level 4 in Charms
  4489 | D:5      | Found an opulent altar of Gozag.
  4552 | D:5      | Reached XP level 7. HP: 36/36 MP: 12/17
  4611 | D:5      | Found a hide-covered altar of Uskayaw.
  4631 | D:5      | Found Kahah's Gadget Boutique.
  4881 | D:5      | Reached skill level 5 in Charms
  5220 | D:5      | Learned a level 4 spell: Iskenderun's Mystic Blast
  5999 | D:6      | Reached skill level 6 in Charms
  6134 | D:6      | Noticed Grinder
  6140 | D:6      | Paralysed by Grinder for 6 turns
  6148 | D:6      | Killed Grinder
  6148 | D:6      | Reached skill level 7 in Charms
  6148 | D:6      | Reached XP level 8. HP: 8/41 MP: 6/20
  6459 | D:6      | Noticed Sigmund
  6463 | D:6      | Killed Sigmund
  6463 | D:6      | Reached skill level 8 in Charms
  6505 | D:6      | Reached * piety under Vehumet
  6505 | D:6      | Offered knowledge of Sting by Vehumet.
  6838 | D:6      | Found Opoperis's Armour Shop.
  6841 | D:6      | Bought a +1 helmet of intelligence for 231 gold pieces
  7064 | D:7      | Reached skill level 9 in Charms
  7091 | D:7      | Reached skill level 1 in Shields
  7230 | D:7      | Reached skill level 1 in Fighting
  7312 | D:7      | Noticed a gargoyle
  7315 | D:7      | Killed a gargoyle
  7315 | D:7      | Reached skill level 10 in Charms
  7315 | D:7      | Reached XP level 9. HP: 47/47 MP: 16/23
  7361 | D:7      | You fall through a shaft for 3 floors!
  7361 | D:10     | Entered Level 10 of the Dungeon
  7678 | D:9      | Learned a level 4 spell: Fulminant Prism
  7716 | D:9      | Gained mutation: You are occasionally teleported next to monsters. [mutagenic meat]
  7717 | D:9      | Gained mutation: You tend to lose your temper in combat. [mutagenic meat]
  7718 | D:9      | Gained mutation: You are somewhat resistant to further mutation. [mutagenic meat]
  7723 | D:9      | Lost mutation: You are somewhat resistant to further mutation. [potion of cure mutation]
  7723 | D:9      | Lost mutation: You tend to lose your temper in combat. [potion of cure mutation]
  7723 | D:9      | Lost mutation: You are occasionally teleported next to monsters. [potion of cure mutation]
  7790 | D:9      | Reached ** piety under Vehumet
  7790 | D:9      | Offered knowledge of Sandblast by Vehumet.
  8188 | D:8      | Reached skill level 11 in Charms
  8255 | D:8      | Noticed TuxedoFelix's ghost (novice MiFi)
  8770 | D:8      | Reached XP level 10. HP: 26/54 MP: 7/25
  8772 | D:8      | Offered knowledge of Throw Frost by Vehumet.
  9189 | D:7      | Identified a +0 rod of ignition (10/10) (You found it on level 7 of the Dungeon)
  9439 | D:7      | Killed from afar by an electric eel

Skill      XL: |  1  2  3  4  5  6  7  8  9 10 |
---------------+-------------------------------+-----
Conjurations   | 5 6 7 8 9 |  9.8
Spellcasting   | 4 5 6 8 9 |  9.4
Charms         | 2 4 7 10 11 | 11.1
Hexes          | 1 2 3 |  3.9
Shields        | 1 2 3 |  3.1
Fighting       | 1 2 3 |  3.0
Dodging        | |  2.4
Stealth        | |  2.4
Evocations     | |  0.2

Action                   |  1- 3 |  4- 6 |  7- 9 | 10-12 || total
-------------------------+-------+-------+-------+-------++-------
Melee: Dagger            |    17 |     6 |       |       ||    23
       Staff             |       |       |     1 |       ||     1
 Cast: Magic Dart        |    65 |    45 |   133 |    18 ||   261
       Searing Ray       |    13 |    21 |    31 |       ||    65
       Iskenderun's Batt |       |       |    20 |     8 ||    28
       Iskenderun's Myst |       |       |     4 |     3 ||     7
       Fulminant Prism   |       |       |     2 |     1 ||     3
       Dazzling Spray    |       |       |     1 |     1 ||     2
 Abil: Evoke Flight      |       |       |     1 |       ||     1
  Use: Scroll            |       |     4 |       |     5 ||     9
       Potion            |       |       |     6 |       ||     6
  Eat: Chunk             |     3 |     5 |     8 |     3 ||    19
       Pizza             |       |     2 |       |       ||     2
       Bread ration      |       |       |     2 |       ||     2
       Royal jelly       |       |       |     1 |       ||     1
       Beef jerky        |       |       |     1 |       ||     1
Armor: Robe              |     5 |     7 |    16 |     1 ||    29
Dodge: Dodged            |    26 |    10 |    36 |     6 ||    78
Block: Buckler           |     1 |     3 |     8 |       ||    12
